 Dungeon Crawl Stone Soup version 0.26-a0-812-g31a745ddcd (webtiles) character file.

Game seed: 2020105487050650773

184 vurker the Sneak (level 5, -4/37 HPs)
             Began as a Gnoll Enchanter on Dec 3, 2020.
             Killed from afar by Natasha (6 damage)
             ... with a magic dart
             ... on level 3 of the Dungeon.
             The game lasted 00:03:28 (3201 turns).

vurker the Sneak (Gnoll Enchanter)                  Turns: 3201, Time: 00:03:28

Health: -4/37      AC:  4    Str: 11    XL:     5   Next: 64%
Magic:  12/12      EV: 15    Int: 18    God:
Gold:   128        SH:  0    Dex: 15    Spells: 13/14 levels left

rFire    . . .     SeeInvis .   m - +0 short sword (freeze)
rCold    . . .     Faith    .   (no shield)
rNeg     . . .     Spirit   .   b - +0 robe
rPois    .         Reflect  .   n - +0 helmet
rElec    .         Harm     .   (no cloak)
rCorr    .         Rampage  .   k - +0 pair of gloves
MR       .....                  (no boots)
Stlth    +++.......             (no amulet)
HPRegen  0.12/turn              e - ring of wizardry
MPRegen  0.13/turn              (no ring)

@: no status effects
A: distributed training, fangs 1, strong nose
a: no special abilities


You were on level 3 of the Dungeon.
You visited 1 branch of the dungeon, and saw 4 of its levels.

You collected 128 gold pieces.

Inventory:

Hand Weapons
 m - a +0 short sword of freezing (weapon)
   (You took it off a kobold on level 3 of the Dungeon)
Armour
 b - a +0 robe (worn)
 k - a +0 pair of gloves (worn)
   (You found it on level 3 of the Dungeon)
 n - a +0 helmet (worn)
   (You took it off Robin on level 3 of the Dungeon)
Jewellery
 e - a ring of wizardry (left hand)
   (You found it on level 1 of the Dungeon)
Scrolls
 a - a scroll of amnesia {unknown}
 g - 2 scrolls of identify {unknown}
 h - 2 scrolls of blinking {unknown}
 i - a scroll of magic mapping {unknown}
 j - a scroll of remove curse {unknown}
Potions
 c - a potion of resistance {unknown}
 d - a potion of heal wounds {unknown}
 f - a potion of ambrosia {unknown}
 l - a potion of flight {unknown}


   Skills:
 + Level 1.6 Fighting
 + Level 3.0 Short Blades
 + Level 1.6 Long Blades
 + Level 1.6 Axes
 + Level 1.6 Maces & Flails
 + Level 1.6 Polearms
 + Level 1.6 Staves
 + Level 1.6 Slings
 + Level 1.6 Bows
 + Level 1.6 Crossbows
 + Level 1.6 Throwing
 + Level 1.6 Armour
 + Level 4.8 Dodging
 + Level 6.2 Stealth
 + Level 1.6 Shields
 + Level 1.6 Unarmed Combat
 + Level 5.2 Spellcasting
 + Level 1.2 Conjurations
 + Level 5.5 Hexes
 + Level 1.2 Summonings
 + Level 1.2 Necromancy
 + Level 1.2 Translocations
 + Level 1.2 Transmutations
 + Level 1.2 Fire Magic
 + Level 1.2 Ice Magic
 + Level 1.2 Air Magic
 + Level 1.2 Earth Magic
 + Level 1.2 Poison Magic
 + Level 1.8 Invocations
 + Level 1.6 Evocations


You had 13 spell levels left.
You knew the following spells:

 Your Spells              Type           Power        Failure   Level
a - Corona                Hex            ###....      1%          1

Your spell library contained the following spells:

 Spells                   Type           Power        Failure   Level
 Ensorcelled Hibernation  Hex/Ice        ###...       1%          2
 Confusing Touch          Hex            ###.....     1%          3
 Tukima's Dance           Hex            ###.....     1%          3
 Dazzling Flash           Conj/Hex       ###...       4%          3


Dungeon Overview and Level Annotations

Branches:
Dungeon (4/15)
 Temple: D:4-7

Altars:
Trog

Annotations:
D:2 Sigmund
D:3 Grinder, Natasha


Innate Abilities, Weirdness & Mutations

Your experience applies equally to all skills.
You have very sharp teeth.
Your uncanny sense of smell can sniff out nearby items.


Message History

You see here the felid corpse of Natasha.
There is an open door here.
There is an open door, spattered with blood here.
Things that are here:
a +0 club; 26 stones; a +0 hunting sling Natasha, Servant of Life and Death comes into view.
You see here a stone.
You hit Natasha. You freeze Natasha.
Natasha wildly gestures.
Natasha shimmers violently.
Natasha drinks a potion.
Natasha flickers and vanishes!
Deactivating autopickup; reactivate with Ctrl-A.
No target in view!
No target in view!
No target in view!
No target in view!
No target in view!
No target in view!
No target in view!
No target in view!
No target in view!
No target in view!
No target in view!
No target in view!
No target in view!
No target in view!
There is a strange disturbance nearby!
You miss something. Something claws you.
You closely miss something. Something claws you.
You hit something. You freeze something. Your bite misses something.
Something claws you.
You closely miss something. Something claws you.
You hit something. You freeze something. Something claws you!
* * * LOW HITPOINT WARNING * * *
You barely miss something. Something closely misses you.
You barely miss something.
You hear some strange, mumbled words.
A magic dart appears from out of thin air!
The magic dart hits you!
* * * LOW HITPOINT WARNING * * *
You closely miss something.
You hear some strange, mumbled words.
A magic dart appears from out of thin air!
The magic dart hits you.
* * * LOW HITPOINT WARNING * * *
You closely miss something.
You hear some strange, mumbled words.
A magic dart appears from out of thin air!
The magic dart hits you.
You die...

##################
#...)...#........#
#####.......#........#
....'.......)........#
#####.......#...[....#
####.......#.......(#
##......^...#....{...# *********
...##########...@..).#**,,,,,,,*
...# ###.(##.....,*****,* ...#
##(#*[##.#******,* ≈..##
#(#*(**,,),,,,,,* ≈≈..#
#..*,**,*********
≈≈..########***##.#,**)*
≈≈..........,,(()..,))>*
≈..#########*****#),**)* ...#
*,(**,*


There were no monsters in sight!

Vanquished Creatures
  Natasha (twice) (D:3)
  Robin (D:3)
  4 adders
  A worm (D:2)
  2 dart slugs (D:1)
  3 leopard geckos
  5 orcs (D:3)
  9 bats
  3 giant cockroaches
  15 goblins
  6 hobgoblins
  6 jackals
  A ball python (D:1)
  A frilled lizard (D:3)
  8 kobolds
  5 rats
72 creatures vanquished.

Notes
Turn   | Place    | Note
-------+----------+-------------------------------------------
     0 | D:1      | vurker the Gnoll Enchanter began the quest for the Orb.
     0 | D:1      | Reached XP level 1. HP: 13/13 MP: 6/6
   134 | D:1      | Reached XP level 2. HP: 19/19 MP: 7/7
   628 | D:1      | Reached XP level 3. HP: 25/25 MP: 9/9
   728 | D:1      | Reached skill level 5 in Spellcasting
   942 | D:2      | Reached skill level 6 in Stealth
   942 | D:2      | Reached skill level 1 in Invocations
  1002 | D:2      | Reached skill level 1 in Fighting
  1002 | D:2      | Reached skill level 1 in Long Blades
  1002 | D:2      | Reached skill level 1 in Axes
  1002 | D:2      | Reached skill level 1 in Maces & Flails
  1002 | D:2      | Reached skill level 1 in Polearms
  1002 | D:2      | Reached skill level 1 in Staves
  1002 | D:2      | Reached skill level 1 in Slings
  1002 | D:2      | Reached skill level 1 in Bows
  1002 | D:2      | Reached skill level 1 in Crossbows
  1002 | D:2      | Reached skill level 1 in Throwing
  1002 | D:2      | Reached skill level 1 in Armour
  1002 | D:2      | Reached skill level 1 in Shields
  1002 | D:2      | Reached skill level 1 in Unarmed Combat
  1002 | D:2      | Reached skill level 1 in Evocations
  1062 | D:2      | Noticed Sigmund
  1241 | D:2      | Reached XP level 4. HP: 24/32 MP: 11/11
  1807 | D:3      | Noticed Grinder
  1834 | D:3      | Reached skill level 1 in Conjurations
  1834 | D:3      | Reached skill level 1 in Summonings
  1834 | D:3      | Reached skill level 1 in Necromancy
  1834 | D:3      | Reached skill level 1 in Translocations
  1834 | D:3      | Reached skill level 1 in Transmutations
  1834 | D:3      | Reached skill level 1 in Fire Magic
  1834 | D:3      | Reached skill level 1 in Ice Magic
  1834 | D:3      | Reached skill level 1 in Air Magic
  1834 | D:3      | Reached skill level 1 in Earth Magic
  1834 | D:3      | Reached skill level 1 in Poison Magic
  1893 | D:3      | Noticed Robin
  2553 | D:3      | Reached XP level 5. HP: 37/37 MP: 12/12
  2623 | D:3      | Noticed Natasha
  2630 | D:3      | Killed Natasha
  2672 | D:3      | Killed Robin
  2876 | D:3      | Found a bloodstained altar of Trog.
  3005 | D:3      | Noticed Natasha
  3089 | D:3      | Killed Natasha
  3190 | D:3      | Noticed Natasha
  3201 | D:3      | Killed from afar by Natasha

Illustrated notes

Levels and vault maps discovered:
D:1:      dpeg_arrival_tiny_b, layout_loops_ring
D:2:      layout_basic, uniq_sigmund
D:3:      layout_basic, lightli_temple_of_fire, lemuel_another_geyser,
          uniq_grinder, uniq_natasha, uniq_robin
D:4:      layout_cave_pools, led_sif_pool, lemuel_doored_altar, kennysheep_boxes

Skill      XL: |  1  2  3  4  5 |
---------------+----------------+-----
Spellcasting   | 5 |  5.2
Stealth        | 6 |  6.2
Invocations    | 1 |  1.8
Fighting       | 1 |  1.6
Long Blades    | 1 |  1.6
Axes           | 1 |  1.6
Maces & Flails | 1 |  1.6
Polearms       | 1 |  1.6
Staves         | 1 |  1.6
Slings         | 1 |  1.6
Bows           | 1 |  1.6
Crossbows      | 1 |  1.6
Throwing       | 1 |  1.6
Armour         | 1 |  1.6
Shields        | 1 |  1.6
Unarmed Combat | 1 |  1.6
Evocations     | 1 |  1.6
Conjurations   | 1 |  1.2
Summonings     | 1 |  1.2
Necromancy     | 1 |  1.2
Translocations | 1 |  1.2
Transmutations | 1 |  1.2
Fire Magic     | 1 |  1.2
Ice Magic      | 1 |  1.2
Air Magic      | 1 |  1.2
Earth Magic    | 1 |  1.2
Poison Magic   | 1 |  1.2
Short Blades   | 3 |  3.0
Dodging        | |  4.8
Hexes          | |  5.5

Action                   |  1- 3 |  4- 6 || total
-------------------------+-------+-------++-------
Melee: Dagger            |    78 |   106 ||   184
       Bite              |    11 |    16 ||    27
       Short sword       |       |    52 ||    52
 Stab: Sleeping          |    14 |     8 ||    22
Armor: Robe              |     6 |    18 ||    24
Dodge: Dodged            |    56 |   102 ||   158

Table legend: (Time is in decaauts)
 A = Elapsed time spent in this place.
 B = Non-inter-level travel time spent in this place.
 C = Inter-level travel time spent in this place.
 D = Time resting spent in this place.
 E = Time spent auto-exploring this place.
 F = Levels seen in this place.
 G = Mean time per level.
                   A        B        C        D        E       F      G
               +--------+--------+--------+--------+--------+-----+--------+
         Total |   3174 |   3097 |     77 |    220 |   2369 |   4 |  793.5 |
       Dungeon |   3174 |   3097 |     77 |    220 |   2369 |   4 |  793.5 |
               +--------+--------+--------+--------+--------+-----+--------+

Top non-repeatable levels by time:
     D:3: 1475 daAuts
     D:1: 851 daAuts
     D:2: 616 daAuts
     D:4: 231 daAuts
